 Dungeon Crawl Stone Soup version 0.28.0-53-g5a82cb258f (webtiles) character file.

Game seed: 6869010157833473434

47713 issech the Protected (level 14, -19/111 HPs)
             Began as a Minotaur Monk on June 4, 2022.
             Was a High Priest of Hepliaklqana.
             Killed from afar by Azrael (25 damage)
             ... with damnation
             ... on level 12 of the Dungeon on June 5, 2022.
             The game lasted 01:18:15 (17389 turns).

issech the Protected (Minotaur Monk)               Turns: 17389, Time: 01:18:15

Health: -19/111    AC: 31    Str: 15    XL:     14   Next: 9%
Magic:  14/14      EV:  4    Int:  6    God:    Hepliaklqana [*****.]
Gold:   615        SH:  0    Dex: 19    Spells: 15/15 levels left

rFire   . . .      SeeInvis .   a - +2 arbalest (freeze)
rCold   + . .      Faith    .   (shield currently unavailable)
rNeg    + . .      Spirit   .   Y - +0 crystal plate armour
rPois   +          Reflect  .   (helmet restricted)
rElec   .          Harm     .   M - +2 ratskin cloak {*Rats rPois rN+ Str-1 Int-1 Dex+1}
rCorr   +          Rampage  .   R - +2 pair of gloves
Will    +....                   S - +0 pair of boots
Stlth   ..........              (no amulet)
HPRegen 0.28/turn               y - ring of resist corrosion
MPRegen 0.14/turn               A - ring of protection from cold

@: studying Armour
A: reduced essence, horns 2, retaliatory headbutt
a: Renounce Religion, Recall Ancestor, Ancestor Identity, Transference, Idealise


You were on level 12 of the Dungeon.
You worshipped Hepliaklqana.
Hepliaklqana was extremely pleased with you.
You visited 2 branches of the dungeon, and saw 13 of its levels.
You also visited: Sewer and Bailey.

You collected 760 gold pieces.
You spent 145 gold pieces at shops.

Inventory:

Hand Weapons
 a - a +2 arbalest of freezing (weapon)
 L - a +9 great sword
Missiles
 b - 26 poisoned darts
 c - 244 bolts (quivered ammo)
 e - 394 stones
 g - 184 arrows
 s - 6 throwing nets
 F - a curare-tipped dart
 G - 59 sling bullets
 W - 3 atropa-tipped darts
Armour
 q - a scarf of repulsion
 v - a +2 pair of gloves
 E - a +0 kite shield
 M - the +2 ratskin cloak (worn) {*Rats rPois rN+ Str-1 Int-1 Dex+1}
   (You found it on level 6 of the Dungeon)

   When the wearer is hurt, rats may emerge from it to assist them.
   Str:       It affects your strength (-1).
   Int:       It affects your intelligence (-1).
   Dex:       It affects your dexterity (+1).
   rPois:     It protects you from poison.
   rN:        It protects you from negative energy.
 R - a +2 pair of gloves (worn)
 S - a +0 pair of boots (worn)
 V - a +0 chain mail of fire resistance
 Y - a +0 crystal plate armour (worn)
Jewellery
 y - a ring of resist corrosion (left hand)
 A - a ring of protection from cold (right hand)
Wands
 I - a wand of flame (16)
 T - a wand of digging (10)
Scrolls
 f - a scroll of holy word
 h - 3 scrolls of enchant armour
 l - a scroll of magic mapping
 o - 2 scrolls of teleportation
 w - a scroll of silence
 D - a scroll of fog
 U - a scroll of amnesia
Potions
 d - 4 potions of haste
 i - a potion of flight
 j - 2 potions of might {unknown}
 k - a potion of resistance
 m - a potion of cancellation
 n - 2 potions of brilliance {unknown}
 r - 3 potions of mutation {unknown}
 t - 2 potions of attraction {unknown}
 u - a potion of magic
 x - 2 potions of invisibility
 z - a potion of berserk rage
 B - 6 potions of curing {unknown}
 C - 2 potions of heal wounds {unknown}
 P - 2 potions of ambrosia {unknown}
 Q - a potion of lignification
 X - 3 potions of degeneration {unknown}
Miscellaneous
 p - a phial of floods
 O - a box of beasts


   Skills:
 + Level 11.2 Fighting
 + Level 1.7(4.5) Short Blades
 + Level 7.4(7.5) Long Blades
 + Level 11.6(11.8) Axes
 + Level 1.9(7.8) Maces & Flails
 + Level 2.2(7.9) Polearms
 + Level 1.9(2.8) Staves
 + Level 2.2(2.9) Slings
 + Level 1.9 Bows
 + Level 10.8 Crossbows
 + Level 2.4(2.8) Throwing
 + Level 14.0 Armour
 + Level 5.3 Dodging
 + Level 3.5 Stealth
 + Level 1.9 Shields
 + Level 2.3 Unarmed Combat
 + Level 1.0 Spellcasting
 + Level 1.4 Conjurations
 + Level 1.0 Hexes
 + Level 1.1 Summonings
 + Level 1.1 Necromancy
 + Level 1.1 Translocations
 + Level 1.2 Transmutations
 + Level 1.4 Fire Magic
 + Level 1.1 Ice Magic
 + Level 1.1 Air Magic
 + Level 1.2 Earth Magic
 + Level 1.1 Poison Magic
 + Level 1.5 Invocations
 + Level 2.3 Evocations


You had 15 spell levels left.
You didn't know any spells.
Your spell library contained the following spells:

 Spells                   Type           Power      Damage    Failure   Level
 Blink                    Tloc           2%         N/A       100%        2
 Gell's Gravitas          Tloc           1%         N/A       100%        3
 Lesser Beckoning         Tloc           1%         N/A       100%        3
 Teleport Other           Tloc           1%         N/A       100%        3
 Hailstorm                Conj/Ice       1%         3d3       100%        4
 Ice Form                 Ice/Tmut       1%         N/A       100%        4
 Fireball                 Conj/Fire      1%         3d3       100%        5
 Iskenderun's Battlesphe  Conj           2%         2d6       100%        5
 Manifold Assault         Tloc           1%         N/A       100%        5
 Conjure Ball Lightning   Conj/Air       0%         3x3d6     100%        6
 Simulacrum               Ice/Necr       0%         N/A       100%        6
 Orb of Destruction       Conj           1%         9d5       100%        7
 Storm Form               Tmut/Air       0%         N/A       100%        7


Dungeon Overview and Level Annotations

Branches:
Dungeon (12/15)            Temple (1/1) D:5            Lair (0/6) D:11
    Orc (0/2) D:10          Sewer (visited)          Bailey (visited)

Altars:
Ashenzari
Cheibriados
Dithmenos
Elyvilon
Fedhas
Gozag
Hepliaklqana
Kikubaaqudgha
Makhleb
Nemelex Xobeh
Okawaru
Qazlal
Ru
Sif Muna
Trog
Uskayaw
Vehumet
Wu Jian
Xom
Yredelemnul
Zin
The Shining One
Jiyva

Shops:
D:1 =?   D:8 **   D:10 *

Annotations:
D:8 2 runed translucent doors
D:12 Azrael


Innate Abilities, Weirdness & Mutations

Your life essence is reduced to manifest your ancestor. (-10% HP)
You have a pair of horns on your head.
You reflexively headbutt those who attack you in melee.


Message History

The sphere of damnation explodes!
The damnation engulfs Publia!!!
The damnation engulfs you!!!
A hell rat scurries out from under your cloak.
You hear a bark!
You shoot a bolt. Publia avoids your attack.
The bolt hits Azrael but does no damage.
You shoot a bolt. Publia avoids your attack.
The bolt hits Azrael but does no damage.
You hear a bark!
A hell hound comes into view.
Azrael gestures at you.
The bolt of fire hits Publia!
Publia resists.
The bolt of fire hits you!!
Publia hits Azrael with a +0 quarterstaff!!
A fire elemental comes into view.
Azrael howls in rage.
Azrael gestures at you.
The sphere of damnation explodes!
The damnation engulfs you!!
* * * LOW HITPOINT WARNING * * *
The damnation engulfs your hell rat!
A fire elemental comes into view.
You hear a bark!
Azrael hits Publia with a +4 scimitar of flaming!!
Publia is destroyed!
Azrael hits your hell rat with a +4 scimitar of flaming!
Azrael burns your hell rat.
Your hell rat dies!
Azrael gestures at you.
The sphere of damnation explodes!
The damnation engulfs you!!
* * * LOW HITPOINT WARNING * * *
You hear a bark! x2
Blink to where?
Press: ? - help, Dir - move target, p - Azrael
As you read the scroll of blinking, it crumbles to dust.
Things that are here:
a +0 hand axe; a +0 chain mail Azrael gestures at you.
The sphere of damnation explodes!
The damnation engulfs you!!
You die...

.......# ..+
.......# ..#
##....## ###.#
####.##########...##
#.....☼.°☼##.......#
#.#####.#R##.......#
#.......#..........#
#########.#........#
#.##...@...+
#.##.......#
#.##.......#
#.######+### ..# .##


You could see Azrael (fast).

Vanquished Creatures
  Frances (D:12)
  Harold (D:8)
  Maurice (D:11)
  9 centaur zombies (D:10)
  A kobold demonologist (D:10)
  A tengu conjurer (D:11)
  A troll (D:8)
  Prince Ribbit (D:8)
  2 wraiths
  2 vampires (D:10)
  15 yaks
  A wyvern (D:8)
  Menkaure (D:4)
  A steam dragon (D:9)
  Edmund (D:6)
  2 water moccasins
  A hornet zombie (D:8)
  5 orc warriors
  2 ogres
  A necrophage (D:6)
  A centaur (D:7)
  2 phantoms (D:5)
  A lemure (D:4)
  A kobold brigand (D:8)
  2 bullfrogs (D:11)
  A gnoll sergeant (D:9)
  5 scorpions
  A water moccasin zombie (D:6)
  Dowan (D:7)
  2 electric eels (D:8)
  5 wights (D:10)
  2 howler monkeys
  2 hounds (D:5)
  Crazy Yiuf (D:7)
  3 orc priests
  A centaur skeleton (D:7)
  A jelly (Sewer)
  4 iguanas
  5 orc wizards
  A hell rat (D:6)
  A hound zombie (D:5)
  Robin (D:4)
  10 gnolls (D:9)
  16 river rats
  6 adders
  A white imp (D:7)
  An ufetubus (D:6)
  5 worms
  4 dart slugs
  35 orcs
  5 bats
  15 endoplasms
  10 giant cockroaches
  13 goblins
  7 hobgoblins
  2 jackals (D:2)
  12 kobolds
  3 quokkas
  7 ball pythons
  7 frilled lizards
  5 rats
258 creatures vanquished.

Vanquished Creatures (collateral kills)
  A boulder beetle (D:10)
  A two-headed ogre (D:10)
  The ghost of Chani the Carver, a novice MiFi of the Shining One (D:10)
  A tengu warrior (D:11)
  Pikel (D:3)
  An orc knight (Bailey)
  A manticore (D:11)
  A cyclops (D:11)
  An ice statue (D:10)
  A gargoyle (D:11)
  Maggie (D:7)
  Psyche (D:8)
  A hornet (D:9)
  A wraith (D:11)
  A yak (D:8)
  Duvessa (D:7)
  2 water moccasins
  A sky beast (D:7)
  A black bear (D:11)
  An ice beast (D:6)
  A necrophage (D:6)
  6 orc warriors
  2 ogres
  3 lemures
  A kobold brigand (D:8)
  3 bullfrogs
  2 gnoll sergeants (D:9)
  3 howler monkeys (D:9)
  3 wights (D:10)
  A bullfrog zombie (D:7)
  2 centaur zombies (D:10)
  An orc priest (D:9)
  A hell rat (D:6)
  2 orc wizards
  A gnoll (D:9)
  2 river rats (D:6)
  An adder (D:6)
  A white imp (D:6)
  10 orcs
  4 goblins (D:7)
  3 kobolds (D:8)
74 creatures vanquished.

Vanquished Creatures (others)
  9 battlemagi
  32 fungi
  16 plants
57 creatures vanquished.

Grand Total: 389 creatures vanquished

Notes
Turn   | Place    | Note
-------+----------+-------------------------------------------
     0 | D:1      | issech the Minotaur Monk began the quest for the Orb.
     0 | D:1      | Reached XP level 1. HP: 19/19 MP: 0/0
    85 | D:1      | Found a faded altar of an unknown god.
    86 | D:1      | Noticed a great orb of eyes
    88 | D:1      | Noticed a floating eye
    88 | D:1      | Noticed a floating eye
    88 | D:1      | Noticed a golden eye
   125 | D:1      | Found Latosmy's Magic Scroll Emporium.
   131 | D:1      | Reached XP level 2. HP: 20/27 MP: 1/1
   143 | D:1      | You fall into a shaft and drop 1 floor!
   479 | D:2      | Found a sparkling altar of Nemelex Xobeh.
   488 | D:2      | Reached XP level 3. HP: 32/33 MP: 2/2
  1158 | D:1      | Found Muefut Jelucs's Jewellery Shop.
  1322 | D:1      | Bought a scroll of identify for 20 gold pieces
  1322 | D:1      | Bought a scroll of identify for 20 gold pieces
  1322 | D:1      | Bought a scroll of noise for 10 gold pieces
  1324 | D:1      | Bought a scroll of magic mapping for 35 gold pieces
  1730 | D:3      | Reached XP level 4. HP: 35/41 MP: 3/3
  2468 | D:4      | Found a glowing golden altar of the Shining One.
  2668 | D:4      | Reached skill level 1 in Armour
  2683 | D:4      | Reached skill level 5 in Axes
  2744 | D:4      | Found a glowing drain.
  2748 | Sewer    | Entered a sewer
  2779 | Sewer    | Reached XP level 5. HP: 34/47 MP: 4/4
  2828 | Sewer    | Reached skill level 2 in Armour
  2997 | Sewer    | Found a viscous altar of Jiyva.
  3583 | D:4      | Reached XP level 6. HP: 40/53 MP: 5/5
  3797 | D:4      | Noticed Robin
  3815 | D:4      | Killed Robin
  3816 | D:4      | Reached skill level 3 in Armour
  4578 | D:4      | Noticed Pikel
  4579 | D:4      | Noticed Menkaure
  5501 | D:5      | Entered Level 5 of the Dungeon
  5516 | D:5      | Found a glowing silver altar of Zin.
  5563 | D:5      | Reached skill level 4 in Armour
  5647 | D:5      | Reached XP level 7. HP: 54/60 MP: 6/6
  5658 | D:5      | Reached skill level 5 in Fighting
  5659 | D:5      | Found a stormy altar of Qazlal.
  5751 | D:5      | Found a staircase to the Ecumenical Temple.
  5778 | Temple   | Entered the Ecumenical Temple
  6283 | D:5      | Reached skill level 1 in Throwing
  6347 | D:5      | Reached skill level 5 in Armour
  6411 | D:5      | Reached XP level 8. HP: 70/70 MP: 7/7
  6577 | D:5      | Found a hazy altar of Hepliaklqana.
  6583 | D:5      | Became a worshipper of Hepliaklqana the Forgotten
  6583 | D:5      | Reached * piety under Hepliaklqana
  6583 | D:5      | Reached ** piety under Hepliaklqana
  6584 | D:5      | Remembered your ancestor Publia as a battlemage
  7002 | D:4      | Killed Menkaure
  7138 | D:3      | Killed Pikel
  7139 | D:3      | Reached skill level 6 in Armour
  7547 | D:6      | Reached skill level 7 in Armour
  7547 | D:6      | Found the +2 ratskin cloak {*Rats rPois rN+ Str-1 Int-1
                  | Dex+1}
  7968 | D:6      | Noticed Edmund
  7985 | D:6      | Killed Edmund
  7986 | D:6      | Reached skill level 10 in Axes
  8073 | D:6      | Reached XP level 9. HP: 52/70 MP: 8/8
  8589 | D:6      | Found a snail-covered altar of Cheibriados.
  8632 | D:6      | Reached skill level 8 in Armour
  8886 | D:7      | Noticed Duvessa
  8887 | D:7      | Noticed Maggie
  8891 | D:7      | Noticed Dowan
  8895 | D:7      | Killed Maggie
  8897 | D:7      | Killed Duvessa
  8905 | D:7      | Killed Dowan
  8975 | D:7      | Found an ornate altar of the Wu Jian Council.
  9085 | D:7      | Found a radiant altar of Vehumet.
  9108 | D:7      | Found a flagged portal.
  9134 | Bailey   | Entered a bailey
  9162 | Bailey   | Reached skill level 9 in Armour
  9796 | Bailey   | Reached *** piety under Hepliaklqana
  9852 | Bailey   | Reached skill level 1 in Crossbows
 10277 | Bailey   | Noticed an orc knight
 10385 | Bailey   | Killed an orc knight
 10386 | Bailey   | Reached XP level 10. HP: 47/79 MP: 9/9
 10897 | D:7      | Reached skill level 10 in Armour
 11035 | D:7      | Found a runed translucent door.
 11036 | D:7      | Noticed Crazy Yiuf
 11041 | D:7      | Killed Crazy Yiuf
 12255 | D:8      | Found Voekiod's General Store.
 12302 | D:8      | Found Unua's Assorted Antiques.
 12637 | D:8      | Bought a scroll of identify for 28 gold pieces
 12766 | D:8      | Found a white marble altar of Elyvilon.
 12772 | D:8      | Noticed Prince Ribbit
 12781 | D:8      | Killed Prince Ribbit
 12782 | D:8      | Reached skill level 5 in Crossbows
 12818 | D:8      | Reached skill level 11 in Armour
 12902 | D:8      | Found a runed translucent door.
 12915 | D:8      | Found a runed translucent door.
 12941 | D:8      | Noticed Harold
 12955 | D:8      | Killed Harold
 13059 | D:8      | Found a broken altar of Ashenzari.
 13154 | D:8      | Reached **** piety under Hepliaklqana
 13503 | D:8      | Noticed Psyche
 13515 | D:8      | Killed Psyche
 13654 | D:9      | Reached XP level 11. HP: 87/87 MP: 10/10
 13799 | D:9      | Reached skill level 1 in Evocations
 13925 | D:9      | Found an ancient bone altar of Kikubaaqudgha.
 14122 | D:9      | Reached skill level 1 in Unarmed Combat
 14463 | D:10     | Entered Level 10 of the Dungeon
 14542 | D:10     | Noticed a two-headed ogre
 14545 | D:10     | Killed a two-headed ogre
 14754 | D:10     | Reached skill level 10 in Crossbows
 14974 | D:10     | Reached skill level 12 in Armour
 14979 | D:10     | Reached skill level 10 in Fighting
 14987 | D:10     | Reached skill level 1 in Long Blades
 15338 | D:10     | Reached skill level 1 in Short Blades
 15338 | D:10     | Reached skill level 5 in Long Blades
 15338 | D:10     | Reached skill level 1 in Maces & Flails
 15338 | D:10     | Reached skill level 1 in Polearms
 15338 | D:10     | Reached skill level 1 in Staves
 15338 | D:10     | Reached skill level 1 in Slings
 15338 | D:10     | Reached skill level 1 in Bows
 15338 | D:10     | Reached skill level 5 in Dodging
 15338 | D:10     | Reached skill level 1 in Shields
 15338 | D:10     | Reached skill level 1 in Invocations
 15338 | D:10     | Reached XP level 12. HP: 96/96 MP: 11/11
 15339 | D:10     | Reached skill level 13 in Armour
 15339 | D:10     | Reached skill level 1 in Spellcasting
 15339 | D:10     | Reached skill level 1 in Conjurations
 15339 | D:10     | Reached skill level 1 in Hexes
 15339 | D:10     | Reached skill level 1 in Summonings
 15339 | D:10     | Reached skill level 1 in Necromancy
 15339 | D:10     | Reached skill level 1 in Translocations
 15339 | D:10     | Reached skill level 1 in Transmutations
 15339 | D:10     | Reached skill level 1 in Fire Magic
 15339 | D:10     | Reached skill level 1 in Ice Magic
 15339 | D:10     | Reached skill level 1 in Air Magic
 15339 | D:10     | Reached skill level 1 in Earth Magic
 15339 | D:10     | Reached skill level 1 in Poison Magic
 15339 | D:10     | Reached XP level 13. HP: 102/102 MP: 11/13
 15549 | D:10     | Found a staircase to the Orcish Mines.
 15561 | D:10     | Found Uxopios's General Store.
 15577 | D:10     | Bought a scroll of identify for 32 gold pieces
 15578 | D:10     | Found a runed translucent door.
 15797 | D:10     | Found a basalt altar of Yredelemnul.
 15845 | D:10     | Noticed Chani's ghost (novice MiFi)
 16062 | D:10     | Killed Chani's ghost
 16476 | D:11     | Found a staircase to the Lair.
 16571 | D:11     | Reached ***** piety under Hepliaklqana
 16648 | D:11     | Reached XP level 14. HP: 87/111 MP: 14/14
 17096 | D:11     | Noticed Maurice
 17118 | D:11     | Killed Maurice
 17221 | D:12     | Noticed Frances
 17230 | D:12     | Killed Frances
 17274 | D:12     | Reached skill level 14 in Armour
 17372 | D:12     | Noticed Azrael
 17377 | D:12     | HP: 3/111 [Azrael/damnation (21)]
 17389 | D:12     | Killed from afar by Azrael

Illustrated notes

Levels and vault maps discovered:
D:1:      psy_arrival_radial02, layout_rooms, serial_shops, shop_scrolls,
          nicolae_shop_behind_doors, hellmonk_ecumenical_altar_watching_god,
          dk_noncrumbling_3
D:2:      layout_loops_ring, basic_altar
D:3:      layout_basic, minmay_misc_feat_columns, kennysheep_cross_room
D:4:      layout_loops_ring, mainiacjoe_overflow_boulevard,
          gup_sewer_entry_spiral, uniq_menkaure, uniq_pikel, uniq_robin
D:5:      layout_loops_ring, lemuel_tele_altar,
          nicolae_hepliaklqana_hippocampus, mainiacjoe_overflow_brackets,
          minmay_temple_entry_butterflies
D:6:      wander_guarded_unrand_ratskin, layout_basic, kennysheep_little_box,
          minmay_misc_feat_ornament, small_statue_intersection,
          ebering_dispersal_statue_hall, uniq_edmund
D:7:      layout_layer_cave, nicolae_wu_jian_wuxing_cycle, kennysheep_mini_moat,
          enter_bailey_3, nicolae_concentric_dashed_squares_wild, uniq_maggie,
          uniq_crazy_yiuf_cottage, uniq_duvessa
D:8:      lemuel_insect_pit, layout_loops_corners, elyvilon_altar_1,
          nicolae_ashenzari_panopticon, minmay_misc_feat_hallway,
          nicolae_wooded_promenade, grunt_ogre_cave,
          minmay_fractal_squares_gapless_5, uniq_prince_ribbit1, uniq_psyche,
          uniq_harold
D:9:      layout_irregular_city, mainiacjoe_overflow_concentric_impassable
D:10:     layout_cave_pools, nicolae_yredelemnul_corpse_copse, orc_0_dummy,
          ebering_ghost_inner_flame, serial_shops, nicolae_diamond_shop,
          st_stairs_12, minivault_16
D:11:     layout_rooms, due_lair_maze_entry_diamond, uniq_maurice
D:12:     layout_roguey, nrook_guardian_serpent_double, uniq_frances,
          uniq_azrael
Temple:   pf_slime_end_temple

Skill      XL: |  1  2  3  4  5  6  7  8  9 10 11 12 13 14 |
---------------+-------------------------------------------+-----
Fighting       | 4 5 6 8 9 10 11 | 11.2
Axes           | 4 5 6 8 10 11 | 11.6
Dodging        | 4 5 |  5.3
Stealth        | 2 3 |  3.5
Armour         | 1 2 4 5 7 9 11 12 13 14 | 14.0
Throwing       | 1 2 |  2.4
Crossbows      | 2 7 10 | 10.8
Evocations     | 2 |  2.3
Unarmed Combat | 1 2 |  2.3
Long Blades    | 5 6 7 |  7.4
Short Blades   | 1 |  1.7
Maces & Flails | 1 |  1.9
Polearms       | 1 2 |  2.2
Staves         | 1 |  1.9
Slings         | 1 2 |  2.2
Bows           | 1 |  1.9
Shields        | 1 |  1.9
Invocations    | 1 |  1.5
Spellcasting   | 1 |  1.0
Conjurations   | 1 |  1.4
Hexes          | 1 |  1.0
Summonings     | 1 |  1.1
Necromancy     | 1 |  1.1
Translocations | 1 |  1.1
Transmutations | 1 |  1.2
Fire Magic     | 1 |  1.4
Ice Magic      | 1 |  1.1
Air Magic      | 1 |  1.1
Earth Magic    | 1 |  1.2
Poison Magic   | 1 |  1.1

Action                   |  1- 3 |  4- 6 |  7- 9 | 10-12 | 13-15 || total
-------------------------+-------+-------+-------+-------+-------++-------
Melee: Hand axe          |    68 |   242 |   288 |       |       ||   598
       Headbutt          |    13 |    48 |    70 |     9 |    18 ||   158
       Punch             |       |     5 |     4 |     1 |       ||    10
       Unarmed           |       |       |       |     3 |       ||     3
       Great sword       |       |       |       |    39 |    60 ||    99
       War axe           |       |       |       |    16 |       ||    16
 Fire: Arbalest          |       |       |    30 |   196 |    39 ||   265
Throw: Boomerang         |       |     9 |     1 |       |       ||    10
       Stone             |       |     1 |       |     4 |     1 ||     6
       Dart              |       |       |     2 |       |       ||     2
Invok: Ancestor Life: Ba |       |       |     1 |       |       ||     1
Evoke: Wand              |       |       |     3 |     5 |       ||     8
  Use: Scroll            |     2 |     2 |     3 |     6 |     3 ||    16
       Potion            |       |       |       |     2 |       ||     2
 Stab: Distracted        |       |       |     3 |       |     1 ||     4
Armor: Robe              |     4 |       |       |       |       ||     4
       Ring mail         |     8 |       |       |       |       ||     8
       Leather armour    |     6 |       |       |       |       ||     6
       Chain mail        |       |   120 |   123 |       |       ||   243
       Crystal plate arm |       |       |    21 |   228 |    68 ||   317
       Skin              |       |       |       |     1 |       ||     1
Dodge: Dodged            |    54 |    91 |   106 |    35 |     9 ||   295
